 Dungeon Crawl Stone Soup version 0.27.1-1-g398f81649c (console) character file.

Game seed: 12705554166284402150

117 thromnambular the Skirmisher (level 4, -5/39 HPs)
             Began as a Palentonga Abyssal Knight on Sept 9, 2021.
             Was a Believer of Lugonu.
             Slain by Grinder (8 damage)
             ... while paralysed by Grinder
             ... on level 3 of the Dungeon.
             The game lasted 00:13:26 (4357 turns).

thromnambular the Skirmisher (PaAK)                 Turns: 4357, Time: 00:13:27

Health: -5/39      AC:  5    Str: 17    XL:     4   Next: 71%
Magic:  6/6        EV:  1    Int: 12    God:    Lugonu [**....]
Gold:   112        SH:  0    Dex:  9    Spells: 3/3 levels left

rFire    . . .     SeeInvis +   a - +2 mace
rCold    . . .     Faith    .   (no shield)
rNeg     . . .     Spirit   .   e - +0 ring mail
rPois    .         Reflect  .   (no helmet)
rElec    .         Harm     .   (no cloak)
rCorr    .         Rampage  .   (no gloves)
Will     .....                  (no barding)
Stlth    ..........             (no amulet)
HPRegen  0.13/turn              (no ring)
MPRegen  0.10/turn              (no ring)

@: paralysed
A: large, rugged brown scales 3, see invisible, deformed body, roll 1, armoured
tail
a: Rolling Charge, Renounce Religion, Depart the Abyss, Bend Space


You were on level 3 of the Dungeon.
You worshipped Lugonu.
Lugonu was pleased with you.
You visited 1 branch of the dungeon, and saw 3 of its levels.
You visited the Abyss 1 time.

You collected 112 gold pieces.

Inventory:

Hand Weapons
 a - a +2 mace (weapon)
Missiles
 c - 52 stones (quivered)
Armour
 e - a +0 ring mail (worn)
Potions
 d - a potion of attraction
 f - 2 potions of lignification {unknown}


   Skills:
 + Level 3.9 Fighting
 + Level 3.0 Maces & Flails
 + Level 1.7 Armour
 - Level 1.8 Dodging
 - Level 2.9 Invocations


You had 3 spell levels left.
You didn't know any spells.
Your spell library contained the following spells:

 Spells                   Type           Power      Damage    Failure   Level
 Slow                     Hex            0%         N/A       65%         2
 Confusing Touch          Hex            0%         N/A       87%         3
 Dazzling Flash           Conj/Hex       0%         N/A       87%         3
 Frozen Ramparts          Ice            0%         1d2       87%         3
 Ice Form                 Ice/Tmut       0%         N/A       99%         4
 Summon Ice Beast         Ice/Summ       0%         N/A       99%         4
 Agony                    Necr           0%         N/A       100%        5
 Silence                  Hex/Air        0%         N/A       100%        5
 Yara's Violent Unravell  Hex/Tmut       0%         3d3       100%        5


Dungeon Overview and Level Annotations

Branches:
Dungeon (3/15)

Altars:
Gozag
Trog
Wu Jian
Xom

Annotations:
D:3 Grinder


Innate Abilities, Weirdness & Mutations

You are completely covered in rugged brown scales. (AC +3, +7% HP)
You have supernaturally acute eyesight. (SInv)
Armour fits poorly on your strangely shaped body.
You can roll at nearby foes to attack.
You have a long armoured tail.


Message History

Grinder hits you but does no damage.
You closely miss Grinder.
Grinder is severely wounded.
Grinder barely misses you. x2
You hit Grinder.
Grinder is severely wounded.
Grinder gestures at you.
You barely resist. You barely miss Grinder.
Grinder is severely wounded.
Grinder gestures at you. Pain shoots through your body!
You barely miss Grinder.
Grinder is severely wounded.
Grinder blinks!
Roll where?
Press: ? - help, Dir - move target, f/p - Grinder
Aim: Grinder (severely wounded)
You roll forward with a clatter of scales!
You hit Grinder but do no damage.
Your tail-slap misses Grinder.
Grinder is severely wounded.
Grinder hits you.
You writhe in agony.
Grinder gestures at you. Pain shoots through your body!
You closely miss Grinder. You tail-slap Grinder.
Grinder is almost dead.
Grinder hits you.
You writhe in agony.
* * * LOW HITPOINT WARNING * * *
You feel better. Grinder barely misses you.
You hit Grinder.
Grinder is almost dead.
Grinder hits you.
* * * LOW HITPOINT WARNING * * *
You writhe in agony.
* * * LOW HITPOINT WARNING * * *
Grinder says, "What is the universe for?"
Grinder gestures at you.
You suddenly lose the ability to move!
Grinder hits you!
You die...

#....#..##..# #>.# #.#
#.....†...# #..# #.#
#.#...#.### #..####.### ####.##
############..÷.....(# #..#
#.................#.# #####5##
#.#################.# ......#
#.# .# #.# ##5#### #.########.#
#.# #.# #....@5....# #.#
#.###########################.#
#.............................#
###############################


You could see Grinder.

Vanquished Creatures
  An orc wizard (D:2)
  2 adders (D:2)
  A worm (D:1)
  9 orcs
  2 ball pythons
  8 endoplasms
  A giant cockroach (D:3)
  6 hobgoblins
  4 jackals (D:2)
  3 kobolds
  4 quokkas
  5 bats
  A frilled lizard (D:1)
  4 goblins
  3 rats
54 creatures vanquished.

Notes
Turn   | Place    | Note
-------+----------+-------------------------------------------
     0 | Abyss:1  | thromnambular the Palentonga Abyssal Knight began the quest
                  | for the Orb.
     0 | Abyss:1  | Reached XP level 1. HP: 19/19 MP: 2/2
     9 | D:1      | Escaped the Abyss
    14 | D:1      | Noticed an electric eel
    15 | D:1      | Noticed an electric eel
   239 | D:1      | Reached skill level 1 in Dodging
   242 | D:1      | Reached XP level 2. HP: 25/25 MP: 3/3
  1522 | D:2      | Reached XP level 3. HP: 26/31 MP: 4/4
  1975 | D:2      | Reached XP level 4. HP: 36/37 MP: 6/6
  2889 | D:1      | Reached ** piety under Lugonu
  3244 | D:3      | Found an opulent altar of Gozag.
  3410 | D:3      | Found a shimmering altar of Xom.
  3532 | D:3      | Found a bloodstained altar of Trog.
  3547 | D:3      | Found a faded altar of an unknown god.
  3711 | D:3      | Found an ornate altar of the Wu Jian Council.
  4069 | D:3      | Noticed Grinder
  4076 | D:3      | Paralysed by Grinder for 7 turns
  4355 | D:3      | Paralysed by Grinder for 7 turns
  4357 | D:3      | Slain by Grinder

Illustrated notes

Levels and vault maps discovered:
D:1:      arrival_aquarium_b, layout_rooms, serial_co_window_serial,
          co_window_paths_b, co_window_paths_b, co_window_paths_a,
          co_window_cross_1, co_window_corner_a, co_window_paths_b,
          co_window_paths_a, co_window_of_opportunity_b, co_window_broadway_b,
          co_window_2corner, co_window_of_opportunity_b, co_window_paths_e,
          glass_columns_a, minmay_heptomino_w4
D:2:      cheibrodos_pilgrimage, layout_rooms
D:3:      layout_basic, lemuel_crystal_altar,
          nicolae_wu_jian_immortal_techniques, nicolae_gozag_seed_capital,
          mainiacjoe_overflow_surrounded_room, basic_ecumenical_altar,
          minmay_increasing_density, uniq_grinder

Skill      XL: |  1  2  3  4 |
---------------+-------------+-----
Dodging        | 1 |  1.8
Maces & Flails | 3 |  3.0
Fighting       | |  3.9
Armour         | |  1.7
Invocations    | |  2.9

Action                   |  1- 3 |  4- 6 || total
-------------------------+-------+-------++-------
Melee: Mace              |    66 |   100 ||   166
       Tailslap          |     5 |     9 ||    14
Throw: Stone             |     9 |    15 ||    24
Invok: Bend Space        |       |     1 ||     1
 Abil: Rolling Charge    |     3 |     2 ||     5
  Use: Scroll            |     1 |     3 ||     4
       Potion            |     1 |     1 ||     2
Armor: Leather armour    |    21 |    13 ||    34
       Ring mail         |       |    29 ||    29
       Scale mail        |       |     1 ||     1
Dodge: Dodged            |    31 |    48 ||    79
